TOP OF THE 1ST |
Irving Blue Sox batting - Pitching for Durham Rapiers : LHP Archie Erickson
|
Pitching: LHP Archie Erickson
|
|
Batting: RHB Cisco Hernández
|
0-0: Called Strike 0-1: Ball 1-1: Ground out 4-3 (Groundball, 4)
|
Batting: RHB Tom Boyer
|
0-0: Ball 1-0: Ball 2-0: Ball 3-0: Base on Balls
|
Batting: LHB Bartolo Soto
|
0-0: Ball Tom Boyer steals 2nd base 1-0: Ball 2-0: TRIPLE (Flyball, 8RXD) Tom Boyer scores
|
Batting: RHB Carlos Ávila
|
0-0: Fly out, F3 (Line Drive, 3)
|
Batting: LHB Myron Rosenbalm
|
0-0: Ball 1-0: Called Strike 1-1: Ball 2-1: Called Strike 2-2: Foul Ball, location: 2F 2-2: Foul Ball, location: 2F 2-2: Strikes out swinging
|
Top of the 1st over - 1 run, 1 hit, 0 errors, 1 left on base; Irving 1 - Durham 0 |
BOTTOM OF THE 1ST |
Durham Rapiers batting - Pitching for Irving Blue Sox : RHP Joel Farrell
|
Pitching: RHP Joel Farrell
|
|
Batting: LHB Alberto Garza
|
0-0: Ground out 5-3 (Groundball, 56)
|
Batting: RHB Tomás Costello
|
0-0: Ball 1-0: Ground out 5-3 (Groundball, 5S)
|
Batting: RHB Dave Sienna
|
0-0: Ball 1-0: Ball 2-0: Swinging Strike 2-1: Swinging Strike 2-2: Strikes out swinging
|
Bottom of the 1st over - 0 runs, 0 hits, 0 errors, 0 left on base; Irving 1 - Durham 0 |
TOP OF THE 2ND |
Irving Blue Sox batting - Pitching for Durham Rapiers : LHP Archie Erickson
|
Batting: RHB Carlos Ramírez
|
0-0: Called Strike 0-1: Ball 1-1: Swinging Strike 1-2: Foul Ball, location: 2F 1-2: Ball 2-2: Ground out 6-3 (Groundball, 6)
|
Batting: RHB Scotty Smalls
|
0-0: Foul Ball, location: 2F 0-1: Called Strike 0-2: Ball 1-2: Strikes out looking
|
Batting: RHB Sung-min Pae
|
0-0: Foul Ball, location: 2F 0-1: Called Strike 0-2: Fly out, F9 (Flyball, 9S)
|
Top of the 2nd over - 0 runs, 0 hits, 0 errors, 0 left on base; Irving 1 - Durham 0 |
BOTTOM OF THE 2ND |
Durham Rapiers batting - Pitching for Irving Blue Sox : RHP Joel Farrell
|
Batting: RHB Vincent Klein
|
0-0: Called Strike 0-1: Called Strike 0-2: Fly out, F3 (Popup, 3S)
|
Batting: RHB Armando Chamú
|
0-0: Foul Ball, location: 2F 0-1: Swinging Strike 0-2: Ground out 1-3 (Groundball, 13)
|
Batting: RHB Raúl Moreno
|
0-0: Ground out 5-3 (Groundball, 56S)
|
Bottom of the 2nd over - 0 runs, 0 hits, 0 errors, 0 left on base; Irving 1 - Durham 0 |
TOP OF THE 3RD |
Irving Blue Sox batting - Pitching for Durham Rapiers : LHP Archie Erickson
|
Batting: RHB Luis Jelarde
|
0-0: Ball 1-0: Ball 2-0: DOUBLE (Line Drive, 7LM)
|
Batting: RHB Cisco Hernández
|
0-0: Ball 1-0: Called Strike 1-1: Ground out 5-3 (Groundball, 56S) Luis Jelarde to third
|
Batting: RHB Tom Boyer
|
0-0: Fly out, F2 (Popup, 23F)
|
Batting: LHB Bartolo Soto
|
0-0: Ball 1-0: Ball 2-0: Ground out 4-3 (Groundball, 4)
|
Top of the 3rd over - 0 runs, 1 hit, 0 errors, 1 left on base; Irving 1 - Durham 0 |
BOTTOM OF THE 3RD |
Durham Rapiers batting - Pitching for Irving Blue Sox : RHP Joel Farrell
|
Batting: RHB Yoshi Kouda
|
0-0: Ball 1-0: Called Strike 1-1: Ball 2-1: Ground out 5-3 (Groundball, 56S)
|
Batting: RHB Lu-fang Koo
|
0-0: Ball 1-0: Called Strike 1-1: Called Strike 1-2: Foul Ball, location: 2F 1-2: Strikes out looking
|
Batting: RHB Júlio Gonzáles
|
0-0: Ball 1-0: Foul Ball, location: 2F 1-1: Foul Ball, location: 2F 1-2: Ball 2-2: Fly out, F8 (Flyball, 8RD)
|
Bottom of the 3rd over - 0 runs, 0 hits, 0 errors, 0 left on base; Irving 1 - Durham 0 |
TOP OF THE 4TH |
Irving Blue Sox batting - Pitching for Durham Rapiers : LHP Archie Erickson
|
Batting: RHB Carlos Ávila
|
0-0: Ball 1-0: Called Strike 1-1: Ball 2-1: Foul Ball, location: 2F 2-2: Foul Ball, location: 2F 2-2: Ball 3-2: Foul Ball, location: 2F 3-2: Fly out, F7 (Flyball, 7)
|
Batting: LHB Myron Rosenbalm
|
0-0: Foul Ball, location: 2F 0-1: Swinging Strike 0-2: Ball 1-2: Foul Ball, location: 2F 1-2: Foul Ball, location: 2F 1-2: Fly out, F6 (Popup, 56D)
|
Batting: RHB Carlos Ramírez
|
0-0: Ball 1-0: Called Strike 1-1: Foul Ball, location: 2F 1-2: Foul Ball, location: 2F 1-2: Ball 2-2: Foul Ball, location: 2F 2-2: Ball 3-2: Base on Balls
|
Batting: RHB Scotty Smalls
|
0-0: Called Strike Carlos Ramírez steals 2nd base 0-1: Swinging Strike 0-2: Ball 1-2: Ball 2-2: Foul Ball, location: 2F 2-2: Strikes out swinging
|
Top of the 4th over - 0 runs, 0 hits, 0 errors, 1 left on base; Irving 1 - Durham 0 |
BOTTOM OF THE 4TH |
Durham Rapiers batting - Pitching for Irving Blue Sox : RHP Joel Farrell
|
Batting: LHB Alberto Garza
|
0-0: Ball 1-0: DOUBLE (Line Drive, 8RD)
|
Batting: RHB Tomás Costello
|
0-0: Called Strike 0-1: SINGLE (Groundball, 34D) Alberto Garza to third
|
Batting: RHB Dave Sienna
|
0-0: Called Strike 0-1: Swinging Strike 0-2: Ball 1-2: Ball 2-2: Ground out 6-3 (Groundball, 6S) Alberto Garza scores Tomás Costello to second
|
Batting: RHB Vincent Klein
|
0-0: Foul Ball, location: 2F 0-1: Ball 1-1: Ball 2-1: SINGLE (Groundball, 56D) Tomás Costello to third
|
Batting: RHB Armando Chamú
|
0-0: Ball 1-0: Called Strike 1-1: Ball 2-1: Called Strike 2-2: Ball 3-2: Base on Balls Vincent Klein to second
|
Batting: RHB Raúl Moreno
|
0-0: Called Strike 0-1: Swinging Strike 0-2: Fly out, F7 (Flyball, 7LS) Runner from 3rd tags up, SCORES, no throw
|
Batting: RHB Yoshi Kouda
|
0-0: Ball 1-0: Ball 2-0: Foul Ball, location: 2F 2-1: Foul Ball, location: 2F 2-2: Ball 3-2: Strikes out looking
|
Bottom of the 4th over - 2 runs, 3 hits, 0 errors, 2 left on base; Irving 1 - Durham 2 |
TOP OF THE 5TH |
Irving Blue Sox batting - Pitching for Durham Rapiers : LHP Archie Erickson
|
Batting: RHB Sung-min Pae
|
0-0: Called Strike 0-1: Ball 1-1: Ball 2-1: SINGLE (Groundball, 6D)
|
Pitching: LHP Bill Minor
|
|
Batting: RHB Luis Jelarde
|
0-0: Called Strike 0-1: Swinging Strike 0-2: Strikes out swinging
|
Batting: RHB Cisco Hernández
|
0-0: Called Strike 0-1: Foul Ball, location: 2F 0-2: Ball Sung-min Pae steals 2nd base 1-2: Ball 2-2: Ball 3-2: Foul Ball, location: 2F 3-2: Base on Balls
|
Batting: RHB Tom Boyer
|
0-0: Ball 1-0: Called Strike Throwing error on steal attempt, E2 Sung-min Pae scores Cisco Hernández to third 1-1: Ball 2-1: Ball 3-1: Called Strike 3-2: SINGLE (Line Drive, 7LS) Cisco Hernández scores
|
Batting: LHB Bartolo Soto
|
0-0: SINGLE (Groundball, 34D) Tom Boyer to second Runner from 2nd tries for 3rd, OUT!
|
Batting: RHB Carlos Ávila
|
0-0: Ball 1-0: Foul Ball, location: 2F 1-1: Ground out 1-3 (Groundball, 13)
|
Top of the 5th over - 2 runs, 3 hits, 1 error, 1 left on base; Irving 3 - Durham 2 |
BOTTOM OF THE 5TH |
Durham Rapiers batting - Pitching for Irving Blue Sox : RHP Joel Farrell
|
Batting: RHB Lu-fang Koo
|
0-0: Swinging Strike 0-1: Ground out 5-3 (Groundball, 56)
|
Batting: RHB Júlio Gonzáles
|
0-0: Ball 1-0: Called Strike 1-1: Ball 2-1: Ball 3-1: Swinging Strike 3-2: Base on Balls
|
Batting: LHB Alberto Garza
|
0-0: Ball 1-0: SINGLE (Groundball, 4MD) Júlio Gonzáles to second
|
Batting: RHB Tomás Costello
|
0-0: Ball 1-0: Called Strike 1-1: Ball 2-1: Ball 3-1: SINGLE (Groundball, 56D) Júlio Gonzáles to third Alberto Garza to second
|
Batting: RHB Dave Sienna
|
0-0: Ball 1-0: Called Strike 1-1: Ball 2-1: Ball 3-1: SINGLE (Flyball, 7LS) Júlio Gonzáles scores Alberto Garza to third Tomás Costello to second
|
Batting: RHB Vincent Klein
|
0-0: Called Strike 0-1: Ball 1-1: Foul Ball, location: 2F 1-2: SINGLE (Groundball, 5D) Alberto Garza scores Tomás Costello to third Dave Sienna to second Runner from 3rd tries for Home, SAFE, no throw
|
Batting: RHB Armando Chamú
|
0-0: Ball 1-0: Called Strike 1-1: Foul Ball, location: 2F 1-2: Foul Ball, location: 2F 1-2: Ball 2-2: Fly out, F9 (Flyball, 9LS)
|
Batting: RHB Raúl Moreno
|
0-0: Ball 1-0: Swinging Strike 1-1: Called Strike 1-2: Fielders Choice at 2nd, 6-4 (Groundball, 6)
|
Bottom of the 5th over - 3 runs, 4 hits, 0 errors, 2 left on base; Irving 3 - Durham 5 |
TOP OF THE 6TH |
Irving Blue Sox batting - Pitching for Durham Rapiers : LHP Bill Minor
|
Batting: LHB Myron Rosenbalm
|
0-0: Foul Ball, location: 2F 0-1: Fly out, F9 (Flyball, 9S)
|
Batting: RHB Carlos Ramírez
|
0-0: Ball 1-0: Ball 2-0: Fly out, F5 (Popup, 15S)
|
Batting: RHB Scotty Smalls
|
0-0: Called Strike 0-1: Swinging Strike 0-2: Ball 1-2: Ball 2-2: Fly out, F6 (Line Drive, 6)
|
Top of the 6th over - 0 runs, 0 hits, 0 errors, 0 left on base; Irving 3 - Durham 5 |
BOTTOM OF THE 6TH |
Durham Rapiers batting - Pitching for Irving Blue Sox : RHP Joel Farrell
|
Batting: RHB Yoshi Kouda
|
0-0: Foul Ball, location: 2F 0-1: Ground out 1-3 (Groundball, 15S)
|
Batting: RHB Lu-fang Koo
|
0-0: SINGLE (Groundball, 56D)
|
Batting: RHB Júlio Gonzáles
|
0-0: Called Strike 0-1: Ball 1-1: Ball 2-1: Called Strike 2-2: Ball 3-2: Base on Balls Lu-fang Koo to second
|
Pitching: RHP John Vaillancourt
|
|
Batting: LHB Alberto Garza
|
0-0: Ball 1-0: Called Strike 1-1: Foul Ball, location: 2F 1-2: SINGLE (Line Drive, 8LS) Lu-fang Koo to third Júlio Gonzáles to second
|
Batting: RHB Tomás Costello
|
0-0: Swinging Strike 0-1: DOUBLE (Line Drive, 7LM) Lu-fang Koo scores Júlio Gonzáles scores Alberto Garza to third
|
Batting: RHB Dave Sienna
|
0-0: Ball 1-0: Called Strike 1-1: SINGLE (Line Drive, 8LS) Alberto Garza scores Tomás Costello to third
|
Batting: RHB Vincent Klein
|
0-0: Called Strike Dave Sienna steals 2nd base 0-1: Called Strike 0-2: Ball 1-2: Foul Ball, location: 2F 1-2: Strikes out swinging
|
Batting: RHB Armando Chamú
|
0-0: Fly out, F8 (Flyball, 8LXD)
|
Bottom of the 6th over - 3 runs, 4 hits, 0 errors, 2 left on base; Irving 3 - Durham 8 |
TOP OF THE 7TH |
Irving Blue Sox batting - Pitching for Durham Rapiers : LHP Bill Minor
|
Batting: RHB Sung-min Pae
|
0-0: Fly out, F8 (Flyball, 8LM)
|
Batting: RHB Luis Jelarde
|
0-0: Ball 1-0: Ground out 5-3 (Groundball, 5S)
|
Batting: RHB Cisco Hernández
|
0-0: Called Strike 0-1: Called Strike 0-2: TRIPLE (Flyball, 78XD)
|
Batting: RHB Tom Boyer
|
0-0: Ball 1-0: Ball 2-0: Ball 3-0: Called Strike 3-1: Swinging Strike 3-2: Foul Ball, location: 2F 3-2: Strikes out swinging
|
Top of the 7th over - 0 runs, 1 hit, 0 errors, 1 left on base; Irving 3 - Durham 8 |
BOTTOM OF THE 7TH |
Durham Rapiers batting - Pitching for Irving Blue Sox : RHP John Vaillancourt
|
Batting: RHB Raúl Moreno
|
0-0: Ball 1-0: Called Strike 1-1: Ball 2-1: SINGLE (Groundball, 34D)
|
Batting: RHB Yoshi Kouda
|
0-0: Foul Ball, location: 2F 0-1: Fly out, F4 (Line Drive, 4)
|
Batting: RHB Lu-fang Koo
|
0-0: Foul Ball, location: 2F 0-1: Grounds into double play, 6-4-3 (Groundball, 6)
|
Bottom of the 7th over - 0 runs, 1 hit, 0 errors, 0 left on base; Irving 3 - Durham 8 |
TOP OF THE 8TH |
Irving Blue Sox batting - Pitching for Durham Rapiers : LHP Bill Minor
|
Now at 1B: Guillermo Mata
|
|
Batting: LHB Bartolo Soto
|
0-0: Ball 1-0: SINGLE (Groundball, 4MD)
|
Batting: RHB Carlos Ávila
|
0-0: Swinging Strike 0-1: Grounds into double play, 6-4-3 (Groundball, 6)
|
Batting: LHB Myron Rosenbalm
|
0-0: Swinging Strike 0-1: SINGLE (Line Drive, 34)
|
Batting: RHB Carlos Ramírez
|
0-0: Foul Ball, location: 2F 0-1: Ball Wild Pitch! Myron Rosenbalm to second 1-1: Ball 2-1: Fly out, F7 (Line Drive, 7LM)
|
Top of the 8th over - 0 runs, 2 hits, 0 errors, 1 left on base; Irving 3 - Durham 8 |
BOTTOM OF THE 8TH |
Durham Rapiers batting - Pitching for Irving Blue Sox : RHP John Vaillancourt
|
Batting: RHB Júlio Gonzáles
|
0-0: Called Strike 0-1: Ball 1-1: Ground out U3 (Groundball, 23)
|
Batting: LHB Alberto Garza
|
0-0: Ball 1-0: Ball 2-0: Foul Ball, location: 2F 2-1: Fly out, F6 (Line Drive, 6)
|
Batting: RHB Tomás Costello
|
0-0: Swinging Strike 0-1: Ball 1-1: Foul Ball, location: 2F 1-2: Ball 2-2: Ball 3-2: Fly out, F5 (Line Drive, 5)
|
Bottom of the 8th over - 0 runs, 0 hits, 0 errors, 0 left on base; Irving 3 - Durham 8 |
TOP OF THE 9TH |
Irving Blue Sox batting - Pitching for Durham Rapiers : LHP Bill Minor
|
Now at C: Marcos Martínez
|
|
Batting: RHB Scotty Smalls
|
0-0: Called Strike 0-1: Fly out, F8 (Flyball, 78D)
|
Batting: RHB Sung-min Pae
|
0-0: Ball 1-0: Ball 2-0: Ground out 1-3 (Groundball, 13S)
|
Batting: RHB Luis Jelarde
|
0-0: SINGLE (Flyball, 8RS)
|
Pitching: RHP Cecil Beijeman
|
|
Batting: RHB Cisco Hernández
|
0-0: Fly out, F7 (Flyball, 7S)
|
Top of the 9th over - 0 runs, 1 hit, 0 errors, 1 left on base; Irving 3 - Durham 8 |
|